 Dungeon Crawl Stone Soup version 0.29-a0-824-gd827844252 (webtiles) character file.

Game seed: 3907946558457904378

34 croobank the Sneak (level 3, -1/17 HPs)
             Began as a Felid Delver on July 10, 2022.
             Slain by a goblin
             ... wielding a +0 club
             ... led by Robin
              (4 damage)
             ... on level 2 of the Dungeon.
             The game lasted 00:02:38 (597 turns).

croobank the Sneak (Felid Delver)                    Turns: 597, Time: 00:02:38

Health: -1/17      AC:  1    Str: 10    XL:     3   Next: 14%
Magic:  4/4        EV: 18    Int: 11    God:
Gold:   23         SH:  0    Dex: 17    Spells: 2/2 levels left
                                        Lives:  0   Deaths: 0

rFire   . . .      SeeInvis +     - Unarmed
rCold   . . .      Faith    .   (shield unavailable)
rNeg    . . .      Spirit   .   (body armour unavailable)
rPois   .          Reflect  .   (helmet unavailable)
rElec   .          Harm     .   (cloak unavailable)
rCorr   .          Rampage  .   (gloves unavailable)
Will    .....                   (boots unavailable)
Stlth   ++++......              (no amulet)
HPRegen 0.05/turn               (no ring)
MPRegen 0.09/turn               (no ring)

@: lethally poisoned (-1 -> -2), hasted, very quick
A: very small, claws 1, fangs 3, see invisible, speed 1, shaggy fur 1, stealthy
paws, no weapons or thrown items, no armour, multi-lived
a: no special abilities


You were on level 2 of the Dungeon.
You visited 1 branch of the dungeon, and saw 5 of its levels.

You collected 23 gold pieces.

Inventory:

Wands
 e - a wand of digging (3)
Scrolls
 a - a scroll of fog
 b - a scroll of poison {unknown}
 c - a scroll of fear
 f - a scroll of blinking {unknown}
 g - a scroll of teleportation {unknown}


   Skills:
 + Level 3.3 Fighting
 + Level 3.3 Dodging
 + Level 7.0 Stealth
 + Level 2.4 Unarmed Combat


You had 2 spell levels left.
You didn't know any spells.
Your spell library was empty.

Dungeon Overview and Level Annotations

Branches:
Dungeon (6/15)
 Temple: D:4-7

Altars:

Annotations:
D:2 Robin


Innate Abilities, Weirdness & Mutations

You have sharp claws.
You have razor-sharp teeth.
You have supernaturally acute eyesight. (SInv)
You cover ground quickly. (Speed+)
You are covered in fur. (AC +1)
Your paws help you pounce on unaware monsters.
You are incapable of wielding weapons or throwing items.
You cannot wear armour.
You gain extra lives every three experience levels.


Message History

Robin shouts!
The goblin shouts! x2; You hear a shout!
The goblin shouts! x3
The goblin hits you with a +0 club. Robin throws the goblin at you!
A goblin comes into view. It is wielding a +0 dagger.
The goblin shouts!
You hear a shout!
The goblin shouts!
You hear a shout!
Robin throws the goblin at you!
The goblin unwields a +0 club.
The goblin wields a +0 sling.
The goblin shoots a sling bullet.
The sling bullet misses you.
The goblin shoots a sling bullet.
The sling bullet closely misses you.
There is a stone staircase leading down here.
A hobgoblin comes into view.
A dart slug comes into view.
Found an embroidered robe.
You see here a +2 robe of willpower.
An adder comes into view.
Found a ring mail.
A frilled lizard comes into view.
The helpless hobgoblin fails to defend itself.
You mangle the hobgoblin!!
You kill the hobgoblin!
Your Stealth skill increases to level 7!
The goblin shouts!
The adder hisses angrily.
You scratch the adder.
The adder is lightly wounded.
The adder bites you.
You are poisoned.
The adder poisons you!
The goblin shoots a sling bullet.
The sling bullet barely misses you. The adder closely misses you.
You closely miss the goblin.
You feel sick.
The goblin shoots a sling bullet.
The sling bullet misses you. The adder barely misses you.
The goblin closely misses you. The dart slug closely misses you.
You feel sick.
The frilled lizard hisses angrily.
You scratch the adder. Your claw misses the adder.
The adder is moderately wounded.
You feel sick. The goblin hits you with a +0 club.
* * * LOW HITPOINT WARNING * * *
The adder closely misses you.
You feel yourself speed up.
You feel sick. The adder barely misses you. The goblin hits you with a +0 club.
You die...

.#.# #.#.# ##
#####.#.# ....
... ....##....
#.. ..........
#.###l........
#.#.#.........
#[.#@Sw.......
#.###g........
#
#..#......#..
g#
#.#.#.....[..#
g#
#.#.#.####...#
gg
#.#.#.####...#
#g
#............#
##.
###...g###.
###$g######
#....###.


You could see an adder, a dart slug, 2 goblins and a frilled lizard.

Vanquished Creatures
  3 adders
  An orc (D:4)
  A giant cockroach (D:3)
  A hobgoblin (D:2)
  A quokka (D:3)
  A frilled lizard (D:3)
8 creatures vanquished.

Notes
Turn   | Place    | Note
-------+----------+-------------------------------------------
     0 | D:5      | croobank the Felid Delver began the quest for the Orb.
     0 | D:5      | Reached XP level 1. HP: 10/10 MP: 2/2
     1 | D:6      | Noticed a bullfrog
     1 | D:6      | Noticed a hound
    16 | D:4      | Reached XP level 2. HP: 14/14 MP: 3/3
    45 | D:4      | Noticed a bullfrog
   119 | D:3      | Reached XP level 3. HP: 8/17 MP: 4/4
   565 | D:2      | Noticed Robin
   590 | D:2      | Reached skill level 7 in Stealth
   597 | D:2      | Slain by a goblin

Illustrated notes

Levels and vault maps discovered:
D:2:      minmay_alternating_diamond, layout_loops_ring, uniq_robin
D:3:      layout_loops_cross, doesnt_xom_only_xom, gup_sewer_entry_spiral,
          uniq_grinder, uniq_crazy_yiuf_cottage
D:4:      layout_loops_cross, biasface_ghost_orc_armoury
D:5:      layout_loops_corners, minitemple
D:6:      layout_loops_ring, grunt_temple_overflow_forces_of_nature,
          serial_shops, kennysheep_little_box, serial_demonic, serial_demonic_d,
          serial_demonic_g, serial_demonic_g, serial_demonic_g,
          serial_demonic_c, serial_demonic_b

Skill      XL: |  1  2  3 |
---------------+----------+-----
Dodging        | 3 |  3.3
Stealth        | 7 |  7.0
Fighting       | |  3.3
Unarmed Combat | |  2.4

Action                   || total
-------------------------++-------
Melee: Unarmed           ||    25
       Bite              ||     2
       Punch             ||     2
  Use: Scroll            ||     1
       Potion            ||     1
 Stab: Sleeping          ||     5
Dodge: Dodged            ||    26

Table legend: (Time is in decaauts)
 A = Elapsed time spent in this place.
 B = Non-inter-level travel time spent in this place.
 C = Inter-level travel time spent in this place.
 D = Time resting spent in this place.
 E = Time spent auto-exploring this place.
 F = Levels seen in this place.
 G = Mean time per level.
                   A        B        C        D        E       F      G
               +--------+--------+--------+--------+--------+-----+--------+
         Total |    564 |    564 |      0 |    400 |      2 |   5 |  112.8 |
       Dungeon |    564 |    564 |      0 |    400 |      2 |   5 |  112.8 |
               +--------+--------+--------+--------+--------+-----+--------+

Top non-repeatable levels by time:
     D:2: 277 daAuts
     D:3: 242 daAuts
     D:4: 32 daAuts
     D:5: 10 daAuts
     D:6: 1 daAuts
